 Dungeon Crawl Stone Soup version 0.29-a0-334-gb41bcbb86e (webtiles) character file.

Game seed: 13705524071665705399

180 zishaf the Sneak (level 5, -7/28 HPs)
             Began as a Vine Stalker Brigand on Apr 16, 2022.
             Mangled by a gnoll
             ... wielding a +0 flail
              (9 damage)
             ... on level 3 of the Dungeon.
             The game lasted 00:03:46 (2312 turns).

zishaf the Sneak (Vine Stalker Brigand)             Turns: 2312, Time: 00:03:47

Health: -7/28      AC:  8    Str: 16    XL:     5   Next: 60%
Magic:  0/6        EV: 11    Int: 11    God:
Gold:   99         SH:  0    Dex: 15    Spells: 4/4 levels left

rFire   . . .      SeeInvis .   m - +2 dagger (venom)
rCold   . . .      Faith    .   (no shield)
rNeg    . . .      Spirit   +   b - +0 robe
rPois   +          Reflect  .   s - +2 helmet
rElec   .          Harm     .   l - +1 cloak
rCorr   .          Rampage  .   (no gloves)
Will    .....                   u - +0 pair of boots
Stlth   +++.......              (no amulet)
HPRegen 0.89/turn               i - ring of poison resistance
MPRegen 0.10/turn               (no ring)

@: no status effects
A: fangs 2, regeneration 1, magic shield, antimagic bite, no potion heal 2
a: no special abilities


You were on level 3 of the Dungeon.
You visited 1 branch of the dungeon, and saw 3 of its levels.

You collected 99 gold pieces.

Inventory:

Hand Weapons
 a - a +2 dagger
 m - a +2 dagger of venom (weapon)
 p - a +3 short sword
Missiles
 d - 12 poisoned darts (quivered)
 e - 3 curare-tipped darts
 h - 3 atropa-tipped darts
Armour
 b - a +0 robe (worn)
 c - a +0 cloak
 l - a +1 cloak (worn)
 s - a +2 helmet (worn)
 u - a +0 pair of boots (worn)
Jewellery
 i - a ring of poison resistance (left hand)
Scrolls
 f - a scroll of fog {unknown}
 g - 3 scrolls of enchant weapon {unknown}
 j - 2 scrolls of identify {unknown}
 n - a scroll of teleportation {unknown}
 o - a scroll of noise {unknown}
 q - 3 scrolls of immolation {unknown}
 t - a scroll of enchant armour {unknown}
 v - a scroll of magic mapping {unknown}
Potions
 k - a potion of lignification {unknown}
 r - 2 potions of attraction {unknown}
 w - a potion of degeneration {unknown}


   Skills:
 + Level 3.4 Fighting
 + Level 3.3 Short Blades
 - Level 1.7 Throwing
 - Level 1.0 Dodging
 - Level 6.0 Stealth


You had 4 spell levels left.
You didn't know any spells.
Your spell library was empty.

Dungeon Overview and Level Annotations

Branches:
Dungeon (3/15)

Altars:


Innate Abilities, Weirdness & Mutations

You have extremely sharp teeth.
Your natural rate of healing is unusually fast.
When hurt, damage is shared between your health and your magic reserves.
Your bite disrupts and absorbs the magic of your enemies.
Potions cannot restore your health.


Message History

The gnoll hits you from afar with a +0 spear.
You hit the gnoll shaman but do no damage.
You bite the gnoll shaman, but do no damage.
The gnoll shaman hits you but does no damage.
The gnoll hits you from afar with a +0 spear.
You hit the gnoll shaman but do no damage.
Your bite misses the gnoll shaman.
You hit the gnoll shaman but do no damage.
The gnoll shaman looks even sicker.
You bite the gnoll shaman, but do no damage.
The gnoll hits you from afar with a +0 spear!
The gnoll shaman hits you but does no damage.
You hit the gnoll shaman but do no damage.
The gnoll shaman looks as sick as possible!
The gnoll shaman is lightly wounded.
The gnoll hits you from afar with a +0 spear.
The gnoll shaman hits you with a +0 club.
* * * LOW HITPOINT WARNING * * *
You completely miss the gnoll shaman. You bite the gnoll shaman.
You drain its power.
You feel invigorated.
The gnoll shaman is heavily wounded.
The gnoll shaman misses you.
The gnoll hits you from afar with a +0 spear.
* * * LOW HITPOINT WARNING * * *
You hit the gnoll shaman.
The gnoll shaman looks as sick as possible!
The gnoll shaman is almost dead.
You kill the gnoll shaman!
The gnoll hits you from afar with a +0 spear.
* * * LOW HITPOINT WARNING * * *
You closely miss the gnoll. You bite the gnoll, but do no damage.
The gnoll hits you with a +0 flail!
* * * LOW HITPOINT WARNING * * *
The gnoll hits you from afar with a +0 spear.
* * * LOW HITPOINT WARNING * * *
The gnoll barely misses you.
You hit the gnoll.
The gnoll is poisoned.
You bite the gnoll, but do no damage.
The gnoll is heavily wounded.
The gnoll hits you with a +0 flail!
You die...

#..#.....#...###.##.#.##
........#...# #..#.#..##
#.....#...# #....##..#
......#..<# ##.......###
#...# ##........### ###.#
##.........#
#..######....##...#
.#######.###........######
........ggg@........#
#........g#######...#
..........# #...#
..........# #...#
........### #####
.......## ....... .......


You could see 4 gnolls.

Vanquished Creatures
  A gnoll shaman (D:3)
  Natasha (twice) (D:3)
  Robin (D:3)
  2 adders (D:2)
  A worm (D:2)
  2 dart slugs
  An orc (D:3)
  5 bats
  7 endoplasms
  A giant cockroach (D:2)
  13 goblins
  8 hobgoblins
  2 jackals (D:1)
  7 kobolds
  3 ball pythons
  2 frilled lizards
  9 rats
67 creatures vanquished.

Notes
Turn   | Place    | Note
-------+----------+-------------------------------------------
     0 | D:1      | zishaf the Vine Stalker Brigand began the quest for the
                  | Orb.
     0 | D:1      | Reached XP level 1. HP: 11/11 MP: 2/2
    53 | D:1      | Reached skill level 1 in Dodging
    53 | D:1      | Reached skill level 5 in Stealth
   326 | D:1      | Reached XP level 2. HP: 15/15 MP: 3/3
   557 | D:1      | Found a faded altar of an unknown god.
   738 | D:1      | Reached XP level 3. HP: 11/18 MP: 0/4
  1602 | D:2      | Gained mutation: Your natural rate of healing is unusually
                  | fast. [Vine Stalker growth]
  1602 | D:2      | Reached XP level 4. HP: 18/23 MP: 5/5
  2061 | D:3      | Noticed Natasha
  2081 | D:3      | Killed Natasha
  2109 | D:3      | Noticed Robin
  2141 | D:3      | Reached XP level 5. HP: 20/28 MP: 4/6
  2145 | D:3      | Reached skill level 6 in Stealth
  2147 | D:3      | Noticed Natasha
  2152 | D:3      | Killed Robin
  2157 | D:3      | Killed Natasha
  2221 | D:3      | Identified the +0 ring mail of the Fife {+Blink Fly Will-
                  | Int+6}
  2311 | D:3      | HP: 1/28 [gnoll/+0 spear (1)]
  2312 | D:3      | Mangled by a gnoll

Illustrated notes

Levels and vault maps discovered:
D:1:      wheals_arrival_shading, layout_basic,
          hellmonk_ecumenical_altar_leap_of_faith
D:2:      layout_rooms, serial_bayou_pond_b, minmay_misc_feat_nine_boxes,
          kennysheep_generic_room_4
D:3:      layout_rooms, uniq_natasha, uniq_robin

Skill      XL: |  1  2  3  4  5 |
---------------+----------------+-----
Dodging        | 1 |  1.0
Stealth        | 5 6 |  6.0
Fighting       | 2 3 |  3.4
Short Blades   | 2 3 |  3.3
Throwing       | |  1.7

Action                   |  1- 3 |  4- 6 || total
-------------------------+-------+-------++-------
Melee: Dagger            |   102 |    79 ||   181
       Bite              |    17 |    26 ||    43
 Stab: Sleeping          |    11 |     2 ||    13
Armor: Robe              |    27 |    21 ||    48
Dodge: Dodged            |    54 |    29 ||    83

Table legend: (Time is in decaauts)
 A = Elapsed time spent in this place.
 B = Non-inter-level travel time spent in this place.
 C = Inter-level travel time spent in this place.
 D = Time resting spent in this place.
 E = Time spent auto-exploring this place.
 F = Levels seen in this place.
 G = Mean time per level.
                   A        B        C        D        E       F      G
               +--------+--------+--------+--------+--------+-----+--------+
         Total |   2298 |   2143 |    155 |     13 |   1667 |   3 |  766.0 |
       Dungeon |   2298 |   2143 |    155 |     13 |   1667 |   3 |  766.0 |
               +--------+--------+--------+--------+--------+-----+--------+

Top non-repeatable levels by time:
     D:1: 1406 daAuts
     D:2: 610 daAuts
     D:3: 281 daAuts
